 Dungeon Crawl Stone Soup version 0.24-a0-250-g6074511 (webtiles) character file.

Game seed: 15976024800076178441

1164 Hasart the Slicer (level 8, -16/48 HPs)
             Began as a Kobold Gladiator on Apr 14, 2019.
             Killed from afar by a steam dragon (17 damage)
             ... with a ball of steam
             ... on level 6 of the Dungeon.
             The game lasted 00:10:24 (6880 turns).

Hasart the Slicer (Kobold Gladiator)                Turns: 6880, Time: 00:10:25

Health: -16/48     AC:  4    Str: 13    XL:     8   Next: 67%
Magic:  8/8        EV: 18    Int:  9    God:
Gold:   81         SH:  0    Dex: 17    Spells: 7/7 levels left

rFire    . . .     SeeInvis +   A - +0 rapier (elec)
rCold    . . .     Gourm    .   (shield restricted)
rNeg     . . .     Faith    .   b - +0 leather armour
rPois    .         Spirit   .   c - +0 helmet
rElec    .         Reflect  .   (no cloak)
rCorr    .         Harm     .   (no gloves)
MR       .....                  (no boots)
Stlth    ++........             (no amulet)
HPRegen  0.16/turn              g - ring of see invisible (curse)
MPRegen  0.11/turn              (no ring)

@: no status effects
A: small, carnivore
a: no special abilities


You were on level 6 of the Dungeon.
You were completely stuffed.

You visited 1 branch of the dungeon, and saw 6 of its levels.

You collected 313 gold pieces.
You spent 232 gold pieces at shops.

Inventory:

Hand Weapons
 A - a +0 rapier of electrocution (weapon)
Missiles
 d - 3 throwing nets (quivered)
Armour
 b - a +0 leather armour (worn)
 c - a +0 helmet (worn)
Jewellery
 g - a cursed ring of see invisible (left hand)
 t - a +4 ring of dexterity {unknown}
 v - an uncursed amulet of regeneration {unknown}
Scrolls
 e - a scroll of enchant armour {unknown}
 i - 2 scrolls of enchant weapon {unknown}
 j - 5 scrolls of identify
 l - 7 scrolls of teleportation
 n - a scroll of amnesia {unknown}
 o - 2 scrolls of random uselessness {unknown}
 q - 4 scrolls of remove curse
 r - a scroll of fear {unknown}
 y - a scroll of noise {unknown}
 B - a scroll of magic mapping {unknown}
Potions
 h - 4 potions of degeneration {unknown}
 k - 2 potions of brilliance {unknown}
 m - a potion of berserk rage {unknown}
 p - 2 potions of agility
 s - a potion of lignification {unknown}
 u - 5 potions of curing {unknown}
 w - a potion of heal wounds {unknown}
 x - a potion of haste {unknown}
 z - a potion of cancellation {unknown}
Comestibles
 f - 11 rations


   Skills:
 + Level 4.1 Fighting
 * Level 10.3 Short Blades
 + Level 2.3 Throwing
 + Level 2.4 Armour
 + Level 5.7 Dodging
 + Level 2.5 Stealth


You had 7 spell levels left.
You didn't know any spells.
Your spell library contained the following spells:

 Spells                   Type           Power        Failure   Level  Hunger
 Animate Skeleton         Necr           N/A          45%         1    ##.....
 Pain                     Necr           #...         45%         1    ##.....
 Regeneration             Chrm/Necr      #.........   83%         3    ####...
 Vampiric Draining        Necr           #.........   83%         3    ####...
 Animate Dead             Necr           N/A          99%         4    #####..


Dungeon Overview and Level Annotations

Branches:
Dungeon (6/15)
 Temple: D:4-7

Altars:
Ashenzari
Cheibriados
Elyvilon
Fedhas
Qazlal
Vehumet
Yredelemnul
The Shining One

Shops:
D:4 [   D:5 (*%?(

Annotations:
D:4 exclusion: statue


Innate Abilities, Weirdness & Mutations

You are small and have problems with some larger weapons.
You are carnivorous and can eat meat at any time.


Message History

The steam dragon completely misses you. The steam dragon closely misses you.
You barely miss the steam dragon.
The steam dragon is moderately wounded.
The steam dragon breathes steam at you. The ball of steam hits you!
* * * LOW HITPOINT WARNING * * *
You hear an angry hiss.
Unknown command.
You hit the steam dragon.
The steam dragon is heavily wounded.
You are engulfed in a cloud of scalding steam.
* * * LOW HITPOINT WARNING * * *
Unknown command.
Unknown command.
Okay, then.
You closely miss the steam dragon.
The steam dragon is heavily wounded.
The steam dragon breathes steam at you. The ball of steam hits you!
You die...

≈≈≈#### ..≈≈≈##
#...≈≈# #..8§≈#
#.....# ########...#
#......##.##
#.#.####D..# #.#.#
#@.##########
#.#.####.###.......#
#...............##.#
###.########.##.#
#.####.....##.#
#......######†#
######## #.# #.#
#.#########


You could see a steam dragon.

Vanquished Creatures
  A sky beast (D:4)
  A centaur (D:5)
  3 big kobolds (D:3)
  2 bullfrogs (D:6)
  A howler monkey (D:5)
  4 bullfrog zombies (D:5)
  An orc wizard (D:5)
  An orc priest (D:4)
  A bullfrog skeleton (D:5)
  A gnoll shaman (D:5)
  3 worker ants
  2 iguanas (D:5)
  A worker ant zombie (D:5)
  4 gnolls
  6 adders
  An ooze (D:3)
  A worm (D:4)
  A dart slug (D:3)
  3 leopard geckos
  9 orcs
  8 giant cockroaches
  9 goblins
  8 hobgoblins
  4 jackals
  50 kobolds
  3 quokkas
  2 ball pythons (D:1)
  6 bats
  6 frilled lizards
  10 rats
153 creatures vanquished.

Notes
Turn   | Place    | Note
-------+----------+-------------------------------------------
     0 | D:1      | Hasart the Kobold Gladiator began the quest for the Orb.
     0 | D:1      | Reached XP level 1. HP: 12/12 MP: 1/1
    49 | D:1      | Reached XP level 2. HP: 17/17 MP: 2/2
   415 | D:1      | Reached XP level 3. HP: 21/21 MP: 3/3
   800 | D:2      | Found a shattered altar of Ashenzari.
   853 | D:2      | Reached XP level 4. HP: 25/27 MP: 4/4
   863 | D:2      | Found a snail-covered altar of Cheibriados.
  1018 | D:2      | Found a glowing golden altar of the Shining One.
  1073 | D:2      | Reached skill level 5 in Short Blades
  1678 | D:3      | Found a basalt altar of Yredelemnul.
  1742 | D:3      | Reached XP level 5. HP: 23/31 MP: 5/5
  1936 | D:3      | Reached skill level 1 in Armour
  2097 | D:3      | Reached skill level 6 in Short Blades
  2123 | D:3      | Noticed a big kobold
  2166 | D:3      | Killed a big kobold
  2166 | D:3      | Reached XP level 6. HP: 20/36 MP: 6/6
  2181 | D:3      | Reached skill level 1 in Stealth
  2481 | D:3      | Reached skill level 7 in Short Blades
  2585 | D:3      | Reached XP level 7. HP: 23/41 MP: 7/7
  3004 | D:3      | Found a white marble altar of Elyvilon.
  3213 | D:4      | Reached skill level 5 in Dodging
  3258 | D:4      | Found a blossoming altar of Fedhas.
  3627 | D:4      | Reached skill level 8 in Short Blades
  3688 | D:4      | Found a radiant altar of Vehumet.
  4202 | D:4      | Found Esabeyjiff's Armour Emporium.
  4292 | D:5      | Entered Level 5 of the Dungeon
  4791 | D:5      | Reached skill level 9 in Short Blades
  4817 | D:5      | Reached XP level 8. HP: 29/46 MP: 8/8
  4969 | D:5      | Found Awnim's Assorted Antiques.
  5235 | D:5      | Found Rajueruo's Antique Weapon Shoppe.
  5242 | D:5      | Found Puikheol's Food Shoppe.
  5250 | D:5      | Found Lapnidie's Magic Scroll Emporium.
  5258 | D:5      | Bought a scroll of remove curse for 33 gold pieces
  5258 | D:5      | Bought a scroll of identify for 22 gold pieces
  5258 | D:5      | Bought a scroll of teleportation for 33 gold pieces
  5457 | D:5      | Found Qacimp's Weapon Shoppe.
  5460 | D:5      | Bought a +0 rapier of electrocution for 144 gold pieces
  6143 | D:5      | Found a stormy altar of Qazlal.
  6697 | D:6      | Reached skill level 10 in Short Blades
  6878 | D:6      | HP: 1/48 [steam dragon] (8)]
  6880 | D:6      | Killed from afar by a steam dragon

Levels and vault maps discovered:
D:1:      roderic_crossed_star, layout_basic, st_stairs_14
D:2:      layout_basic, lemuel_crystal_altar, nicolae_overflow_crystal_walls,
          old_standard_altar, first_ration, minmay_pentomino_t4
D:3:      minmay_goblin_kobold_castle, layout_loops_ring, kennysheep_ying_yang
D:4:      layout_loops_ring, vehumet_statue, fedhas_altar_3, serial_shops, shop,
          minivault_26, minmay_tree_intersection
D:5:      layout_rooms, serial_shops, nicolae_shop_behind_doors,
          nicolae_shop_waterfront, nicolae_shop_stone, shop, shop,
          serial_co_window_serial, co_window_paths_b, co_window_corner_a,
          co_window_corner_a, co_window_paths_a, co_window_paths_a,
          co_window_2corner, co_window_corner_cb, co_window_2corner,
          co_window_paths_d, co_window_paths_e, glass_columns_a,
          glass_columns_b, glass_columns_b, glass_columns_a, glass_columns_b,
          hangedman_decor_push, nicolae_qazlal_eye_of_the_storm
D:6:      cheibrodos_steamvent, layout_loops_ring, grunt_temple_overflow_open,
          temple_green, basic_altar

Skill      XL: |  1  2  3  4  5  6  7  8 |
---------------+-------------------------+-----
Dodging        | 4 5 |  5.7
Short Blades   | 5 6 7 9 10 | 10.3
Armour         | 1 2 |  2.4
Stealth        | 1 2 |  2.5
Fighting       | 3 4 |  4.1
Throwing       | |  2.3

Action                   |  1- 3 |  4- 6 |  7- 9 || total
-------------------------+-------+-------+-------++-------
Melee: Rapier            |    86 |   273 |   297 ||   656
 Stab: Sleeping          |     1 |     2 |     5 ||     8
  Eat: Chunk             |     8 |     4 |    16 ||    28
Armor: Leather armour    |    14 |    74 |    34 ||   122
Dodge: Dodged            |    69 |   308 |   203 ||   580

Table legend:
 A = Non-vault XP
 B = Vault XP
 C = Vault XP percentage of total XP
 D = Non-vault monster count
 E = Vault monster count
 F = Vault count percentage of total count
                 A         B        C        D         E       F
            +---------+---------+-------+---------+---------+-------
      Total |    1267 |     397 |  23.9 |      98 |      55 |  35.9
            +---------+---------+-------+---------+---------+-------
        D:1 |      27 |       3 |  10.0 |      18 |       2 |  10.0
        D:2 |      66 |       4 |   5.7 |      20 |       3 |  13.0
        D:3 |      73 |     390 |  84.2 |      18 |      50 |  73.5
        D:4 |     244 |       0 |   0.0 |      15 |       0 |   0.0
        D:5 |     596 |       0 |   0.0 |      21 |       0 |   0.0
        D:6 |     261 |       0 |   0.0 |       6 |       0 |   0.0
            +---------+---------+-------+---------+---------+-------
